 Dungeon Crawl Stone Soup version 0.31-a0-844-gdc52ec4e09 (webtiles) character file.

Game seed: 6808994191273575885

756 Ijustatesigmund the Magician (level 7, -9/40 HPs)
             Began as a Deep Elf Fire Elementalist on Sept 28, 2023.
             Mangled by a gnoll
             ... wielding a +3 spear of electrocution
              (14 damage)
             ... while paralysed by a gnoll
             ... on level 4 of the Dungeon.
             The game lasted 00:12:05 (6134 turns).

Ijustatesigmund the Magician (DEFE)                 Turns: 6134, Time: 00:12:06

Health: -9/40      AC:  3    Str:  5    XL:     7   Next: 50%
Magic:  16/18      EV:  2    Int: 28    God:
Gold:   188        SH:  0    Dex: 15    Spells: 11/18 levels left

rFire   . . .        f - +1 hand axe (flame)
rCold   . . .        (no shield)
rNeg    . . .        a - +0 robe
rPois   .            (no helmet)
rElec   .            l - +0 cloak
rCorr   .            (no gloves)
SInv    .            (no boots)
Will    .....        (no amulet)
Stlth   ++           i - +6 ring of intelligence
HPRegen 0.26/turn    s - +5 ring of evasion
MPRegen 0.16/turn

%: no passive effects
@: paralysed, lethally poisoned (-9 -> -20)
A: no striking features
a: no special abilities


You were on level 4 of the Dungeon.
You visited 1 branch of the dungeon, and saw 4 of its levels.
You also visited: Sewer.

You collected 188 gold pieces.

Inventory:

Hand Weapons
 f - a +1 hand axe of flaming (weapon)
Armour
 a - a +0 robe (worn)
 e - a +0 kite shield
 l - a +0 cloak (worn)
Jewellery
 i - a +6 ring of intelligence (left hand)
 s - a +5 ring of evasion (right hand)
Scrolls
 m - a scroll of brand weapon
 n - a scroll of identify
 p - a scroll of teleportation
 r - a scroll of immolation
Potions
 b - 3 potions of magic
 c - a potion of might
 d - a potion of ambrosia {unknown}
 g - 3 potions of curing
 h - a potion of lignification
 j - a potion of mutation
 k - a potion of brilliance
 o - a potion of enlightenment {unknown}
 q - a potion of invisibility {unknown}


   Skills:
 - Level 2.6 Fighting
 - Level 2.4 Dodging
 - Level 2.4 Stealth
 + Level 6.4 Spellcasting
 + Level 4.7 Conjurations
 + Level 5.8 Fire Magic


You had 11 spell levels left.
You knew the following spells:

 Your Spells              Type           Power      Damage    Failure   Level
a - Foxfire               Conj/Fire      100%       2x1d9     1%          1
b - Scorch                Fire           82%        2d8       1%          2
c - Flame Wave            Conj/Fire      38%        2d10      6%          4

Your spell library contained the following spells:

 Spells                   Type           Power      Damage    Failure   Level
 Inner Flame              Hex/Fire       25%        N/A       5%          3
 Volatile Blastmotes      Fire/Tloc      50%        2d14      5%          3
 Ensorcelled Hibernation  Hex/Ice        18%        N/A       9%          2
 Passwall                 Tmut/Erth      7%         N/A       9%          2
 Swiftness                Air            9%         N/A       17%         3


Dungeon Overview and Level Annotations

Branches:
Dungeon (4/15)              Sewer (visited)
 Temple: D:4-7

Altars:
Kikubaaqudgha
Zin

Annotations:
D:4 1 transporter


Message History

r - a scroll of immolation A hobgoblin comes into view.
Casting: Foxfire (safe; 1% risk of failure)
Confirm with . or Enter, or press ? or * to list all spells.
You conjure some foxfire!
The foxfire hits the hobgoblin.
You kill the hobgoblin!
Casting: Foxfire (safe; 1% risk of failure)
Confirm with . or Enter, or press ? or * to list all spells.
You conjure some foxfire!
Your foxfire dissipates!
Your foxfire dissipates! x2
You see here a hobgoblin corpse.
Found a transporter.
The gnoll shouts!
You hear a shout! x3
The gnoll shouts!
You hear a shout! x2
Found a stone staircase leading up.
Partly explored, unvisited transporter.
Partly explored, unvisited transporter.
Partly explored, unvisited transporter.
Partly explored, unvisited transporter.
The gnoll shouts!
There is a transporter here.
You enter the transporter and appear at another place.
Casting: Foxfire (safe; 1% risk of failure)
Confirm with . or Enter, or press ? or * to list all spells.
Flames lash the gnoll.
The gnoll is severely wounded.
The gnoll's fire resistance burns away.
The gnoll zaps a wand.
You suddenly lose the ability to move!
The gnoll hits you from afar with a +1 spear of venom.
The gnoll hits you with a +3 spear of electrocution!
You are electrocuted!
The gnoll hits you from afar with a +1 spear of venom.
* * * LOW HITPOINT WARNING * * *
You are lethally poisoned!
The gnoll hits you with a +3 spear of electrocution.
* * * LOW HITPOINT WARNING * * *
You are electrocuted!
You die...

....≈≈≈≈≈≈≈≈≈≈≈...≈≈≈≈≈≈≈≈≈≈≈..#
....≈≈≈≈≈≈≈≈≈≈≈...≈≈≈≈≈≈≈≈≈≈≈..#
....≈≈#####...........#####≈≈..#
....≈≈#.#.#.###.©.###.#.#.#≈≈..#
..#.≈≈#...###g#####g###ggg#≈≈..#
..#.≈≈###...gg.gg.. . .###≈≈..#
..#.≈≈.8#.######g###'## #8.≈≈..#
..#.≈≈.##.#. #8g.#...#.##.≈≈..#
..#.~~.#..' #⌠@.....'.g#.~~..#
....≈≈.##.# #8..#...#.##.≈≈..#
..#.≈≈.8#.######'###'##.#8.≈≈..#
#.#.≈≈###...............###≈≈..#
#.#.≈≈#...###g#####.###...#≈≈..#
#.#.≈≈#.#.#(###.©.###.#g#g#≈≈..#
#...≈≈#####...........#####≈≈..#
###.≈≈≈≈≈≈≈≈≈≈≈≈~≈≈≈≈≈≈≈≈≈≈≈≈..#
#.≈≈≈≈≈≈≈≈≈≈≈≈~≈≈≈≈≈≈≈≈≈≈≈≈..#


You could see 4 gnolls.

Vanquished Creatures
  Grinder (Sewer)
  2 kobold brigands (Sewer)
  A scorpion (D:4)
  A quasit (Sewer)
  A jelly (D:4)
  3 orc wizards (D:4)
  3 gnolls (D:2)
  3 adders
  3 shadow imps (Sewer)
  5 ufetubi (Sewer)
  An adder zombie (Sewer)
  3 worms
  A dart slug (D:1)
  8 orcs (D:3)
  9 bats
  11 endoplasms
  5 giant cockroaches
  7 goblins
  9 hobgoblins
  3 jackals (D:4)
  15 kobolds
  3 quokkas
  4 ball pythons
  2 frilled lizards (D:1)
  A kobold zombie (Sewer)
105 creatures vanquished.

Vanquished Creatures (others)
  2 endoplasms (Sewer)
  341 foxfires
343 creatures vanquished.

Grand Total: 448 creatures vanquished

Notes
Turn   | Place    | Note
-------+----------+-------------------------------------------
     0 | D:1      | Ijustatesigmund the Deep Elf Fire Elementalist began the
                  | quest for the Orb.
     0 | D:1      | Reached XP level 1. HP: 10/10 MP: 6/6
     2 | D:1      | Noticed an elf
     2 | D:1      | Noticed a ghoul
     4 | D:1      | Noticed an ogre
     6 | D:1      | Noticed an armataur
     6 | D:1      | Noticed a draconian
     8 | D:1      | Noticed a demigod
     8 | D:1      | Noticed a minotaur
    10 | D:1      | Noticed a naga
    10 | D:1      | Noticed a formicid
    12 | D:1      | Noticed a troll
    12 | D:1      | Noticed a gargoyle
    14 | D:1      | Noticed a tengu
    14 | D:1      | Noticed a meteoran
    16 | D:1      | Noticed a felid
    16 | D:1      | Noticed a vine stalker
    18 | D:1      | Noticed a vampire
    20 | D:1      | Noticed an octopode
    22 | D:1      | Noticed a spriggan
    22 | D:1      | Noticed a human
    24 | D:1      | Noticed a human
    24 | D:1      | Noticed a demonspawn
    26 | D:1      | Noticed a draconian
    26 | D:1      | Noticed a human
   330 | D:1      | Reached XP level 2. HP: 16/16 MP: 5/8
   568 | D:1      | Learned a level 2 spell: Scorch
  1425 | D:2      | Reached XP level 3. HP: 20/20 MP: 8/10
  1557 | D:2      | Found a faded altar of an unknown god.
  1733 | D:2      | Reached skill level 1 in Fighting
  2109 | D:2      | Reached XP level 4. HP: 25/25 MP: 6/11
  2114 | D:2      | Learned a level 4 spell: Flame Wave
  2265 | D:2      | Reached skill level 4 in Spellcasting
  2830 | D:3      | Found an ancient bone altar of Kikubaaqudgha.
  2931 | D:3      | Found a glowing drain.
  2949 | Sewer    | Entered a sewer
  3262 | Sewer    | Reached XP level 5. HP: 30/30 MP: 7/13
  3398 | Sewer    | Noticed Grinder
  3493 | Sewer    | Paralysed by Grinder for 5 turns
  3502 | Sewer    | Killed Grinder
  3503 | Sewer    | Reached skill level 5 in Spellcasting
  3503 | Sewer    | Reached skill level 5 in Fire Magic
  3503 | Sewer    | Reached XP level 6. HP: 26/36 MP: 3/16
  3701 | Sewer    | Found a burning altar of Makhleb.
  4000 | Sewer    | Reached XP level 7. HP: 23/40 MP: 7/17
  5236 | D:4      | Reached skill level 6 in Spellcasting
  5642 | D:4      | Found a glowing silver altar of Zin.
  5648 | D:4      | Found a transporter.
  6027 | D:4      | Found a transporter.
  6132 | D:4      | Paralysed by a gnoll for 5 turns
  6134 | D:4      | Mangled by a gnoll

Illustrated notes

Levels and vault maps discovered:
D:1:      kb_arrival_jail, layout_loops_corners
D:2:      layout_basic, shapermc_ecumenical_altar_totnotflames,
          minmay_misc_feat_secret_circle
D:3:      layout_loops_cross, mainiacjoe_overflow_tiny_flanked,
          cheibrodos_sewer_entry_bend, kennysheep_generic_room_10
D:4:      layout_basic, lemuel_doored_altar, gammafunk_ghost_gnarly_gnolls

Skill      XL: |  1  2  3  4  5  6  7 |
---------------+----------------------+-----
Fighting       | 1 2 |  2.6
Conjurations   | 2 3 4 |  4.7
Spellcasting   | 4 5 6 |  6.4
Fire Magic     | 4 5 |  5.8
Dodging        | |  2.4
Stealth        | |  2.4

Action                     |  1- 3 |  4- 6 |  7- 9 || total
---------------------------+-------+-------+-------++-------
  Melee: Hand axe          |       |     6 |       ||     6
   Cast: Foxfire           |    63 |    80 |    60 ||   203
         Scorch            |     3 |    10 |     6 ||    19
         Flame Wave        |       |     4 |     2 ||     6
    Use: Scroll            |       |     7 |     7 ||    14
 Armour: Robe              |     8 |    15 |    10 ||    33
  Dodge: Dodged            |     8 |    22 |     7 ||    37

Table legend: (Time is in decaauts)
 A = Elapsed time spent in this place.
 B = Non-inter-level travel time spent in this place.
 C = Inter-level travel time spent in this place.
 D = Time resting spent in this place.
 E = Time spent auto-exploring this place.
 F = Levels seen in this place.
 G = Mean time per level.
                   A        B        C        D        E       F      G
               +--------+--------+--------+--------+--------+-----+--------+
         Total |   6151 |   5954 |    197 |   1280 |   3743 |   5 | 1230.2 |
       Dungeon |   4800 |   4603 |    197 |    619 |   3342 |   4 | 1200.0 |
         Sewer |   1351 |   1351 |      0 |    661 |    400 |   1 | 1351.0 |
               +--------+--------+--------+--------+--------+-----+--------+

Top non-repeatable levels by time:
     D:2: 1689 daAuts
   Sewer: 1351 daAuts
     D:1: 1091 daAuts
     D:3: 1010 daAuts
     D:4: 1009 daAuts
